 Dungeon Crawl Stone Soup version 0.27.1-3-gb3d3a73c9e (console) character file.

Game seed: 4038522754595759074

64 om the Grave Robber (level 4, -3/33 HPs)
             Began as a Ghoul Necromancer on Oct 19, 2021.
             Slain by an iguana (14 damage)
             ... on level 2 of the Dungeon.
             The game lasted 00:06:10 (1824 turns).

om the Grave Robber (Ghoul Necromancer)             Turns: 1824, Time: 00:06:11

Health: -3/33      AC:  2    Str: 11    XL:     4   Next: 12%
Magic:  0/6        EV: 12    Int: 11    God:
Gold:   37         SH:  0    Dex:  9    Spells: 2/7 levels left

rFire    . . .     SeeInvis .     - Unarmed
rCold    + . .     Faith    .   (no shield)
rNeg     + + +     Spirit   .   a - +0 robe
rPois    ∞         Reflect  .   (no helmet)
rElec    .         Harm     .   (no cloak)
rCorr    .         Rampage  .   (no gloves)
Will     .....                  (no boots)
Stlth    ++........             (no amulet)
HPRegen  0.00/turn              (no ring)
MPRegen  0.10/turn              (no ring)

@: inhibited regen
A: claws 1, cold resistance 1, negative energy resistance 3, inhibited
regeneration, torment resistance 2
a: no special abilities


You were on level 2 of the Dungeon.
You visited 1 branch of the dungeon, and saw 2 of its levels.

You collected 63 gold pieces.
You spent 26 gold pieces at shops.

Inventory:

Armour
 a - a +0 robe (worn)
Magical Staves
 d - a staff of air
Scrolls
 b - a scroll of magic mapping {unknown}
 c - a scroll of identify
 f - a scroll of enchant weapon {unknown}


   Skills:
 + Level 2.2 Dodging
 - Level 3.0 Stealth
 * Level 2.2 Unarmed Combat
 - Level 2.0 Spellcasting
 + Level 4.3 Necromancy


You had 2 spell levels left.
You knew the following spells:

 Your Spells              Type           Power      Damage    Failure   Level
a - Pain                  Necr           40%        1d6       4%          1
b - Animate Skeleton      Necr           20%        N/A       4%          1
c - Vampiric Draining     Necr           5%         2d6       16%         3

Your spell library contained the following spells:

 Spells                   Type           Power      Damage    Failure   Level
 Static Discharge         Conj/Air       1%         N/A       41%         2
 Animate Dead             Necr           5%         N/A       45%         4
 Gell's Gravitas          Tloc           0%         N/A       65%         3
 Agony                    Necr           10%        N/A       80%         5
 Lightning Bolt           Conj/Air       0%         1d11      100%        5
 Summon Forest            Summ/Tloc      0%         N/A       100%        5
 Maxwell's Capacitive Co  Air            0%         ∞         100%        8


Dungeon Overview and Level Annotations

Branches:
Dungeon (2/15)

Altars:

Shops:
D:1 :?=*


Innate Abilities, Weirdness & Mutations

You thrive by killing the living.
You are immune to poison.
You have sharp fingernails.
Your flesh is cold resistant. (rC+)
You are immune to negative energy. (rN+++)
You do not regenerate when monsters are visible.
You are immune to unholy pain and torment.


Message History

Aiming: Pain (safe; 4% risk of failure)
Press: ? - help, Q - select action, (/) - cycle Shift-Dir - straight line, f/p - iguana
Aim: an iguana (lightly wounded, chance to affect: 71%)
The iguana writhes in agony.
Aiming: Pain (safe; 4% risk of failure)
Press: ? - help, Q - select action, (/) - cycle Shift-Dir - straight line, f/p - iguana
Aim: an iguana (heavily wounded, chance to affect: 71%)
The iguana writhes in agony.
Aiming: Pain (safe; 4% risk of failure)
Press: ? - help, Q - select action, (/) - cycle Shift-Dir - straight line, f/p - iguana
Aim: an iguana (heavily wounded, chance to affect: 71%)
The iguana writhes in agony.
Aiming: Pain (safe; 4% risk of failure)
Press: ? - help, Q - select action, (/) - cycle Shift-Dir - straight line, f/p - iguana
Aim: an iguana (severely wounded, chance to affect: 71%)
The iguana struggles to resist.
The iguana bites you.
Aiming: Pain (safe; 4% risk of failure)
Press: ? - help, Q - select action, (/) - cycle Shift-Dir - straight line, f/p - iguana
Aim: an iguana (severely wounded, chance to affect: 71%)
The iguana writhes in agony.
The iguana closely misses you.
You closely miss the iguana.
The iguana is severely wounded.
The iguana bites you.
You scratch the iguana but do no damage.
The iguana is severely wounded.
The iguana bites you!
You scratch the iguana.
The iguana is severely wounded.
The iguana closely misses you.
Aiming: Pain (safe; 4% risk of failure)
Press: ? - help, Q - select action, (/) - cycle Shift-Dir - straight line, f/p - iguana
Aim: an iguana (severely wounded, chance to affect: 71%)
The iguana writhes in agony.
The iguana bites you!
* * * LOW HITPOINT WARNING * * *
You feel better. The iguana bites you!
You die...

#.#.# #.#..#.#.#..#.....##
##.#.###....#.#.#..........
#...........#.# #........#.
#.###..#.......##.#
#..#..####'
#.................#....#..#
♣.
######..######.######.##..#
♣. #............. ..
...#♣♣#. ##.##.....## #.
+..!# #........# +..#.
####.##..# #♣♣##
#.##.@######.# ♣.
#.#.[l.......# ♣.
#.###.######## #+
#.##..........
#.##..######## #.##..#
#.##..# #.....# #.........#
#.........# #.........#


You could see an iguana.

Vanquished Creatures
  2 adders (D:2)
  2 dart slugs
  9 bats
  3 endoplasms
  4 giant cockroaches
  2 goblins
  4 hobgoblins (D:1)
  3 quokkas
  3 ball pythons
  A frilled lizard (D:1)
  3 kobolds
  2 rats
38 creatures vanquished.

Notes
Turn   | Place    | Note
-------+----------+-------------------------------------------
     0 | D:1      | om the Ghoul Necromancer began the quest for the Orb.
     0 | D:1      | Reached XP level 1. HP: 14/14 MP: 2/2
    62 | D:1      | Found Nur Ycuf's General Store.
   392 | D:1      | Reached XP level 2. HP: 18/20 MP: 3/3
   414 | D:1      | Reached skill level 1 in Unarmed Combat
   443 | D:1      | Found Pefeluecs's Book Boutique.
   512 | D:1      | Learned a level 1 spell: Animate Skeleton
   527 | D:1      | Found Cehicw's Magic Scroll Shop.
   637 | D:1      | Bought a scroll of identify for 26 gold pieces
   867 | D:1      | Found Vuilos's Jewellery Shop.
   884 | D:1      | Reached XP level 3. HP: 26/26 MP: 1/5
  1080 | D:1      | Found a faded altar of an unknown god.
  1279 | D:2      | Learned a level 3 spell: Vampiric Draining
  1616 | D:2      | Got Zagriwnu's Catalogue of Dislocation
  1692 | D:2      | Reached XP level 4. HP: 26/33 MP: 1/6
  1824 | D:2      | Slain by an iguana

Illustrated notes

Levels and vault maps discovered:
D:1:      dpeg_arrival_boxorama, layout_basic,
          hellmonk_ecumenical_altar_heavens_door, serial_shops,
          nicolae_shop_statue_plus, nicolae_shop_waterfront,
          nicolae_diamond_shop, nicolae_shop_stone
D:2:      layout_basic, basic_altar, kennysheep_generic_room_4

Skill      XL: |  1  2  3 |
---------------+----------+-----
Unarmed Combat | 1 2 |  2.2
Dodging        | 2 |  2.2
Spellcasting   | 2 |  2.0
Stealth        | 3 |  3.0
Necromancy     | |  4.3

Action                   |  1- 3 |  4- 6 || total
-------------------------+-------+-------++-------
Melee: Unarmed           |    94 |     3 ||    97
 Cast: Pain              |    39 |     7 ||    46
  Use: Scroll            |     2 |       ||     2
       Potion            |       |     1 ||     1
 Stab: Sleeping          |     2 |       ||     2
Armor: Robe              |    27 |       ||    27
Dodge: Dodged            |    67 |     2 ||    69
